 Dungeon Crawl Stone Soup version 0.24.0-1-gfbc8707122 (webtiles) character file.

Game seed: 5999030694808587342, levelgen mode: deterministic

6214 Mrkan the Grappler (level 10, -2/104 HPs)
             Began as a Troll Monk on Oct 25, 2019.
             Was a High Priest of Wu Jian.
             Slain by a killer bee (9 damage)
             ... on level 9 of the Dungeon.
             The game lasted 00:16:10 (6870 turns).

Mrkan the Grappler (Troll Monk)                     Turns: 6870, Time: 00:16:12

Health: -2/104     AC:  7    Str: 21    XL:     10   Next: 61%
Magic:  9/9        EV: 10    Int: 12    God:    Wu Jian [*****.]
Gold:   583        SH:  0    Dex: 12    Spells: 9/9 levels left

rFire    . . .     SeeInvis .     - Unarmed
rCold    . . .     Gourm    +   (no shield)
rNeg     . . .     Faith    .   a - +0 robe
rPois    .         Spirit   .   (helmet restricted)
rElec    .         Reflect  .   J - +0 cloak
rCorr    .         Harm     .   (gloves unavailable)
MR       .....                  (boots unavailable)
Stlth    +.........             (no amulet)
HPRegen  0.67/turn              j - +3 ring of intelligence
MPRegen  0.11/turn              G - ring of stealth

@: lethally poisoned (-2 -> -4), glowing, heavenly storm
A: large, unfitting armour, claws 3, fast metabolism 3, gourmand, regeneration
1, shaggy fur 1, tough skin 3
a: Wall Jump, Serpent's Lash, Heavenly Storm, Renounce Religion


You were on level 9 of the Dungeon.
You worshipped Wu Jian.
Wu Jian was extremely pleased with you.
You were completely stuffed.

You visited 1 branch of the dungeon, and saw 9 of its levels.

You collected 583 gold pieces.

Inventory:

Hand Weapons
 D - the +6 hand axe "Qyrgh" {vamp, rPois Str+3}
   (You took it off a crimson imp on level 7 of the Dungeon)

   It inflicts no extra harm, but heals its wielder when it wounds a living foe.
   It affects your strength (+3).
   It protects you from poison.
 E - a +0 giant spiked club
Missiles
 e - 440 stones (quivered)
 y - 6 boomerangs of dispersal
Armour
 a - a +0 robe (worn)
 J - a +0 cloak (worn)
Magical Staves
 w - an uncursed staff of wizardry {unknown}
Jewellery
 j - a +3 ring of intelligence (left claw)
 G - a ring of stealth (right claw)
Wands
 t - a wand of acid (5)
 x - a wand of random effects (16)
 z - a wand of paralysis (10)
Scrolls
 d - 2 scrolls of enchant armour
 f - a scroll of noise {unknown}
 g - 2 scrolls of magic mapping {unknown}
 k - 5 scrolls of teleportation
 m - 5 scrolls of fog {unknown}
 n - 3 scrolls of random uselessness
 o - 3 scrolls of enchant weapon {unknown}
 p - 2 scrolls of amnesia {unknown}
 r - a scroll of immolation {unknown}
 v - 4 scrolls of remove curse {unknown}
 B - a scroll of acquirement {unknown}
 F - a scroll of vulnerability {unknown}
 I - 5 scrolls of identify
Potions
 c - a potion of invisibility {unknown}
 h - 3 potions of ambrosia
 i - 2 potions of magic
 l - a potion of curing
 q - a potion of mutation
 u - 4 potions of might
 A - a potion of brilliance
 C - 2 potions of agility {unknown}
Comestibles
 b - 20 rations
 H - a chunk of flesh


   Skills:
 + Level 8.3 Fighting
 * Level 5.9 Throwing
 - Level 2.4 Dodging
 - Level 1.0 Stealth
 - Level 11.6 Unarmed Combat


You had 9 spell levels left.
You didn't know any spells.
Your spell library contained the following spells:

 Spells                   Type           Power        Failure   Level  Hunger
 Corona                   Hex            #......      32%         1    ##.....
 Ensorcelled Hibernation  Hex/Ice        #.....       45%         2    ###....
 Confuse                  Hex            #.......     69%         3    ####...
 Dazzling Spray           Conj/Hex       #.....       69%         3    ####...
 Tukima's Dance           Hex            #.......     69%         3    ####...
 Bolt of Magma            Conj/Fire/Erth #.........   100%        5    ######.
 Iskenderun's Battlesphe  Conj/Chrm      #.......     100%        5    ######.
 Venom Bolt               Conj/Pois      #.........   100%        5    ######.
 Iron Shot                Conj/Erth      #.........   100%        6    #######
 Orb of Destruction       Conj           #.........   100%        7    #######
 Spellforged Servitor     Conj/Summ      #.........   100%        7    #######


Dungeon Overview and Level Annotations

Branches:
Dungeon (9/15)             Temple (0/1) D:5
   Lair: D:8-11         Orc: D:9-12

Altars:
Cheibriados
Fedhas
Kikubaaqudgha
Okawaru
Ru
Trog
Wu Jian
Xom
Zin


Innate Abilities, Weirdness & Mutations

You are too large for most types of armour.
You have claws for hands.
Your metabolism is lightning-fast.
You like to eat raw meat.
Your natural rate of healing is unusually fast.
You are covered in fur. (AC +1)
You have extremely tough skin. (AC +3)


Message History

The killer bee stings you!
* * * LOW HITPOINT WARNING * * *
The killer bee closely misses you. The killer bee stings you.
* * * LOW HITPOINT WARNING * * *
You are more poisoned.
The killer bee poisons you!
You hear an angry buzzing noise.
You claw the killer bee!
The killer bee is moderately wounded.
You feel sick.
The killer bee stings you but does no damage.
The killer bee barely misses you. The killer bee stings you.
* * * LOW HITPOINT WARNING * * *
You closely miss the killer bee. You claw the killer bee!!
You kill the killer bee!
The Council accepts your kill.
You feel sick.
You hear an angry buzzing noise. x2
The killer bee stings you!
You die...

.. . ## #.# #.#
######+##### #.#
######..........### #.#
#§@y§yy......[..'.. #.#
#########§####.(........##.
#.#####.......§§#
#..........###
#..)....#########
############ #.####### ..#
###


You could see a killer bee (berserk).

Vanquished Creatures
  A two-headed ogre (D:8)
  An ugly thing (D:7)
  A hippogriff (D:6)
  A wyvern (D:8)
  4 hogs (D:8)
  A human (D:8)
  An ice beast (D:8)
  2 sky beasts (D:5)
  A black bear (D:9)
  A phantom (D:7)
  4 ogres
  2 centaurs
  7 big kobolds (D:5)
  3 bullfrogs
  A water moccasin zombie (D:7)
  A scorpion (D:4)
  5 wights (D:8)
  11 killer bees
  3 crimson imps
  4 bullfrog zombies
  A quasit (D:8)
  5 orc priests
  A centaur zombie (D:7)
  A gnoll shaman (D:7)
  3 hounds
  8 orc wizards
  A bullfrog skeleton (D:5)
  5 iguanas
  6 worker ants
  A killer bee zombie (D:7)
  2 hound skeletons
  2 worker ant zombies
  16 gnolls
  14 adders
  2 shadow imps
  3 oozes
  2 adder skeletons
  2 worms
  3 dart slugs
  2 leopard geckos (D:3)
  30 orcs
  A ball python (D:3)
  12 bats
  6 giant cockroaches
  5 goblins
  6 hobgoblins
  15 jackals
  3 quokkas
  3 frilled lizards
  A jackal skeleton (D:5)
  52 kobolds
  A leopard gecko skeleton (D:7)
  A quokka skeleton (D:6)
  12 rats
283 creatures vanquished.

Vanquished Creatures (others)
  Sigmund (D:4)
1 creature vanquished.

Grand Total: 284 creatures vanquished

Notes
Turn   | Place    | Note
-------+----------+-------------------------------------------
     0 | D:1      | Mrkan the Troll Monk began the quest for the Orb.
     0 | D:1      | Reached XP level 1. HP: 22/22 MP: 0/0
   121 | D:1      | Reached XP level 2. HP: 25/29 MP: 1/1
   491 | D:1      | Reached XP level 3. HP: 36/36 MP: 2/2
   494 | D:1      | Reached skill level 4 in Unarmed Combat
   901 | D:2      | Reached XP level 4. HP: 44/45 MP: 3/3
   962 | D:2      | Found a faded altar of an unknown god.
  1541 | D:3      | Found a glowing silver altar of Zin.
  1554 | D:3      | Reached skill level 5 in Unarmed Combat
  1554 | D:3      | Reached XP level 5. HP: 51/53 MP: 4/4
  1626 | D:3      | Found an ornate altar of the Wu Jian Council.
  2035 | D:3      | Found a blossoming altar of Fedhas.
  2148 | D:3      | Became a worshipper of the Wu Jian Council
  2148 | D:3      | Reached * piety under Wu Jian
  2148 | D:3      | Reached ** piety under Wu Jian
  2209 | D:4      | Noticed an ogre
  2214 | D:4      | Noticed Sigmund
  2217 | D:4      | Killed an ogre
  2217 | D:4      | Reached XP level 6. HP: 38/62 MP: 5/5
  2238 | D:4      | Killed Sigmund
  2238 | D:4      | Reached skill level 6 in Unarmed Combat
  2275 | D:4      | Reached XP level 7. HP: 43/71 MP: 6/6
  2331 | D:4      | Reached skill level 7 in Unarmed Combat
  3148 | D:5      | Entered Level 5 of the Dungeon
  3296 | D:5      | Reached skill level 8 in Unarmed Combat
  3308 | D:5      | Reached skill level 5 in Fighting
  3309 | D:5      | Reached XP level 8. HP: 69/80 MP: 7/7
  3318 | D:5      | Found a staircase to the Ecumenical Temple.
  3460 | D:5      | Reached *** piety under Wu Jian
  3580 | D:5      | Reached skill level 9 in Unarmed Combat
  3701 | D:5      | Found an iron altar of Okawaru.
  4072 | D:5      | Reached **** piety under Wu Jian
  4360 | D:6      | Noticed a hippogriff
  4373 | D:6      | Killed a hippogriff
  4373 | D:6      | Reached skill level 10 in Unarmed Combat
  4376 | D:6      | Reached XP level 9. HP: 60/89 MP: 8/8
  4532 | D:6      | Found a snail-covered altar of Cheibriados.
  4535 | D:6      | Found a bloodstained altar of Trog.
  4538 | D:6      | Found a shimmering altar of Xom.
  4541 | D:6      | Found an ancient bone altar of Kikubaaqudgha.
  5318 | D:7      | Reached ***** piety under Wu Jian
  5416 | D:7      | Reached skill level 11 in Unarmed Combat
  5494 | D:7      | Noticed a cyan ugly thing
  5582 | D:7      | Identified the +6 hand axe "Qyrgh" {vamp, rPois Str+3}
  5607 | D:7      | Killed a cyan ugly thing
  5802 | D:7      | Found a sacrificial altar of Ru.
  5867 | D:8      | Reached skill level 1 in Throwing
  5917 | D:8      | Noticed a two-headed ogre
  5923 | D:8      | Killed a two-headed ogre
  5923 | D:8      | Reached XP level 10. HP: 62/102 MP: 9/9
  6293 | D:8      | Reached skill level 5 in Throwing
  6870 | D:9      | Slain by a killer bee

Levels and vault maps discovered:
D:1:      dpeg_arrival_shelter, layout_basic
D:2:      cheibrodos_helix_gallery, layout_rooms,
          chequers_ecumenical_altar_island
D:3:      layout_basic, lemuel_round_altar, lemuel_crystal_altar, zin_statuary
D:4:      layout_basic, uniq_sigmund
D:5:      minmay_goblin_kobold_castle, layout_loops_ring,
          okawaru_ov_weapons_minmay, temple_fountains, first_ration
D:6:      layout_basic, grunt_temple_overflow_cloverleaf
D:7:      layout_rooms, nicolae_ru_path_of_blood, grunt_potential
D:8:      layout_basic, grunt_livestock, serial_park_tiny_pond
D:9:      layout_roguey [special_room_bee], dpeg_lair_monsters, uniq_joseph

Skill      XL: |  1  2  3  4  5  6  7  8  9 10 |
---------------+-------------------------------+-----
Unarmed Combat | 4 5 6 8 10 11 | 11.6
Fighting       | 3 4 5 6 7 8 |  8.3
Throwing       | 2 5 |  5.9
Dodging        | |  2.4
Stealth        | |  1.0

Action                   |  1- 3 |  4- 6 |  7- 9 | 10-12 || total
-------------------------+-------+-------+-------+-------++-------
Melee: Unarmed           |    83 |   114 |   435 |   119 ||   751
       Punch             |       |     1 |    17 |     9 ||    27
Invok: Whirlwind         |       |     1 |    59 |     8 ||    68
       Lunge             |       |     3 |    55 |     9 ||    67
       Heavenly Storm    |       |       |       |     1 ||     1
  Use: Scroll            |       |       |    10 |       ||    10
       Potion            |       |       |       |     2 ||     2
 Stab: Sleeping          |     2 |     3 |     2 |     3 ||    10
  Eat: Chunk             |     8 |    18 |    33 |    10 ||    69
Armor: Robe              |    38 |    52 |   106 |    26 ||   222
Dodge: Dodged            |    63 |    59 |   152 |    62 ||   336
